 Dungeon Crawl Stone Soup version 0.28.0-1-gb440e238dd (webtiles) character file.

Game seed: 5669478220073232131

425 serioussanchez the Sneak (level 6, -7/38 HPs)
             Began as an Octopode Transmuter on Feb 23, 2022.
             Was an Initiate of Yredelemnul.
             Shot with an arrow by a centaur (10 damage)
             ... on level 5 of the Dungeon on Feb 24, 2022.
             The game lasted 00:17:33 (4709 turns).

serioussanchez the Sneak (Octopode Transmuter)      Turns: 4709, Time: 00:17:35

Health: -7/38      AC:  1    Str: 12    XL:     6   Next: 96%
Magic:  18/20      EV: 13    Int: 15    God:    Yredelemnul [......]
Gold:   169        SH:  0    Dex: 12    Spells: 8/11 levels left

rFire   . . .      SeeInvis .     - Unarmed
rCold   . . .      Faith    .   (no shield)
rNeg    . . .      Spirit   .   (helmet currently unavailable)
rPois   .          Reflect  .   (no amulet)
rElec   .          Harm     .   d - ring of magical power
rCorr   .          Rampage  .   (no ring)
Will    .....                   (no ring)
Stlth   ++++......              (no ring)
HPRegen 0.12/turn               (no ring)
MPRegen 0.17/turn               (no ring)
                                (no ring)
                                (no ring)

@: appendages (expiring), very slightly contaminated
A: tentacle spike 3, almost no armour, amphibious, 8 rings, camouflage 1,
gelatinous body 1, (nimble swimmer 1), tentacles
a: End Transformation, Renounce Religion, Recall Undead Harvest


You were on level 5 of the Dungeon.
You worshipped Yredelemnul.
Yredelemnul was noncommittal.
One of your tentacles had grown a beastly spike.
You visited 1 branch of the dungeon, and saw 5 of its levels.

You collected 171 gold pieces.
You donated 2 gold pieces to Zin.

Inventory:

Magical Staves
 j - a staff of air
Jewellery
 d - a ring of magical power (left tentacle)
Wands
 k - a wand of iceblast (9)
Scrolls
 b - a scroll of holy word {unknown}
 c - 5 scrolls of identify
 f - a scroll of teleportation {unknown}
 h - a scroll of fog {unknown}
Potions
 a - a potion of brilliance
 i - a potion of ambrosia


   Skills:
 + Level 1.3 Fighting
 + Level 2.7 Dodging
 * Level 5.2 Stealth
 + Level 4.3 Unarmed Combat
 + Level 3.3 Spellcasting
 + Level 3.4 Transmutations


You had 8 spell levels left.
You knew the following spells:

 Your Spells              Type           Power      Damage    Failure   Level
a - Beastly Appendage     Tmut           24%        N/A       4%          1
b - Blink                 Tloc           4%         N/A       28%         2

Your spell library contained the following spells:

 Spells                   Type           Power      Damage    Failure   Level
 Wereblood                Tmut           12%        N/A       7%          2
 Magic Dart               Conj           8%         1d3       19%         1
 Call Imp                 Summ           2%         N/A       28%         2
 Spider Form              Tmut/Pois      7%         N/A       28%         3
 Lesser Beckoning         Tloc           2%         N/A       50%         3
 Mephitic Cloud           Conj/Pois/Air  2%         N/A       50%         3
 Ice Form                 Ice/Tmut       7%         N/A       67%         4
 Manifold Assault         Tloc           2%         N/A       99%         5


Dungeon Overview and Level Annotations

Branches:
Dungeon (5/15)
 Temple: D:4-7

Altars:
Yredelemnul
Zin

Annotations:
D:3 2 runed translucent doors, FuzzyBison's ghost, amateur DjGl


Innate Abilities, Weirdness & Mutations

One of your tentacles has grown a beastly spike.
You cannot wear most types of armour.
You are amphibious.
You can wear up to eight rings at the same time.
Your skin changes colour to match your surroundings (Stealth+).
Your rubbery body absorbs attacks. (AC +1, EV +1)
((You are camouflaged when in or above water. (Stealth+)))
You have tentacles for arms and can constrict up to eight enemies at once.


Message History

The centaur closely misses you. The centaur kicks you.
You tentacle-slap the centaur but do no damage.
Your squeeze misses the centaur. The centaur closely misses you.
The centaur kicks you but does no damage.
You tentacle-slap the centaur but do no damage.
Your squeeze misses the centaur. The centaur hits you. The centaur kicks you.
The centaur misses you. The centaur barely misses you.
You tentacle-slap the centaur.
Your tentacle spike misses the centaur.
Your tentacle-slap misses the centaur.
Your squeeze misses the centaur.
The centaur is moderately wounded.
The centaur hits you. The centaur kicks you.
You tentacle-slap the centaur.
The centaur is moderately wounded.
The centaur hits you. The centaur kicks you.
* * * LOW HITPOINT WARNING * * *
Okay, then.
Casting: Beastly Appendage (safe; 4% risk of failure)
Confirm with . or Enter, or press ? or * to list all spells.
You miscast Blink.
You are very lightly contaminated with residual magic.
Nothing appears to happen.
The centaur hits you.
* * * LOW HITPOINT WARNING * * *
The centaur kicks you.
* * * LOW HITPOINT WARNING * * *
The centaur barely misses you. x2
You tentacle-slap the centaur.
Your tentacle spike misses the centaur.
The centaur is heavily wounded.
The centaur hits you.
* * * LOW HITPOINT WARNING * * *
The centaur kicks you.
* * * LOW HITPOINT WARNING * * *
Blink to where?
Press: ? - help, Dir - move target
As you read the scroll labelled IBUEFOIHUU, it crumbles to dust.
It was a scroll of blinking.
Your transformation is almost over.
The centaur wields a +0 shortbow.
The centaur shoots an arrow.
The arrow hits you!
You die...
Your body rises from the dead as a mindless zombie.

#.##.###########
..##.#...O.....#
###....#######.#####
##.....# #.........#
###.O..# #.......#.#
.......# #.###.#.#.#
####.### #.###.#.#.#
#.# #.##..#.#.# #+#
#.##.##@#.# ...
#.##....#.# .....
#....#..#.# .......
#..ยง......#
.........####c..####
.........'.......#
......c..####...##
....... ##.## .....
#.#


You could see a centaur.

Vanquished Creatures
  A black bear (D:3)
  2 ogres (D:4)
  A hound (D:4)
  An orc priest (D:5)
  3 adders
  An adder skeleton (D:4)
  A worm (D:3)
  2 orcs (D:3)
  6 endoplasms
  2 giant cockroaches (D:3)
  6 goblins
  10 hobgoblins
  8 jackals
  11 kobolds
  A quokka (D:1)
  4 ball pythons
  5 bats
  3 frilled lizards
  6 rats
74 creatures vanquished.

Vanquished Creatures (others)
  An orc zombie (D:5)
1 creature vanquished.

Grand Total: 75 creatures vanquished

Notes
Turn   | Place    | Note
-------+----------+-------------------------------------------
     0 | D:1      | serioussanchez the Octopode Transmuter began the quest for
                  | the Orb.
     0 | D:1      | Reached XP level 1. HP: 13/13 MP: 3/3
   249 | D:1      | Reached skill level 1 in Stealth
   249 | D:1      | Reached XP level 2. HP: 12/18 MP: 3/5
   893 | D:1      | Reached XP level 3. HP: 23/23 MP: 4/6
  1553 | D:2      | Learned a level 2 spell: Blink
  1606 | D:2      | Reached skill level 2 in Stealth
  1785 | D:2      | Found a faded altar of an unknown god.
  1803 | D:2      | Prayed at the altar of an unknown god.
  1803 | D:2      | Became a worshipper of Zin the Law-Giver
  1803 | D:2      | Reached * piety under Zin
  1804 | D:2      | Fell from the grace of Zin
  2249 | D:3      | Noticed a black bear
  2267 | D:3      | Reached XP level 4. HP: 11/28 MP: 7/7
  2556 | D:3      | Killed a black bear
  2557 | D:3      | Reached skill level 3 in Stealth
  2557 | D:3      | Reached XP level 5. HP: 23/33 MP: 9/9
  2726 | D:3      | Found a basalt altar of Yredelemnul.
  2756 | D:3      | Became a worshipper of Yredelemnul the Dark
  2927 | D:3      | Found a large runed translucent door.
  2927 | D:3      | Found a large runed translucent door.
  2928 | D:3      | Noticed FuzzyBison's ghost (amateur DjGl)
  3059 | D:3      | Reached * piety under Yredelemnul
  3319 | D:4      | You fall into a shaft and drop 1 floor!
  3319 | D:5      | Entered Level 5 of the Dungeon
  3331 | D:5      | Noticed a centaur
  3444 | D:5      | Noticed an ogre
  3448 | D:5      | Paralysed by the wrath of Zin for 6 turns
  3490 | D:5      | HP: 1/33 [orc priest (5)]
  3491 | D:5      | Gained mutation: Your muscles are strong. (Str +2) [potion
                  | of mutation]
  3491 | D:5      | Gained mutation: You are agile. (Dex +2) [potion of
                  | mutation]
  3875 | D:4      | Reached XP level 6. HP: 38/38 MP: 10/10
  4106 | D:4      | Reached skill level 4 in Stealth
  4493 | D:4      | Reached skill level 5 in Stealth
  4497 | D:4      | Lost mutation: Your muscles are strong. (Str +2) [the wrath
                  | of Zin]
  4497 | D:4      | Lost mutation: You are agile. (Dex +2) [the wrath of Zin]
  4709 | D:5      | Shot with an arrow by a centaur

Illustrated notes

Levels and vault maps discovered:
D:1:      lordsloth_arrival_two_stooges, layout_basic, grunt_decor_clamped,
          grunt_decor_cap, minmay_misc_feat_tower
D:2:      layout_basic, ebering_ecumenical_altar_sacrificial
D:3:      layout_loops_cross, amcnicky_altar_gilded, ebering_ghost_disaster_area
D:4:      layout_basic
D:5:      layout_loops_corners

Skill      XL: |  1  2  3  4  5  6 |
---------------+-------------------+-----
Stealth        | 1 2 3 5 |  5.2
Unarmed Combat | 4 |  4.3
Transmutations | 3 |  3.4
Spellcasting   | 3 |  3.3
Fighting       | |  1.3
Dodging        | |  2.7

Action                   |  1- 3 |  4- 6 || total
-------------------------+-------+-------++-------
Melee: Unarmed           |    76 |    70 ||   146
       Constrict         |    14 |    19 ||    33
       Kick              |    16 |    19 ||    35
       Tentacles         |    10 |    15 ||    25
       Punch             |       |     1 ||     1
 Cast: Beastly Appendage |    27 |    19 ||    46
Invok: Renounce Religion |     1 |       ||     1
  Use: Potion            |       |     5 ||     5
       Scroll            |       |     3 ||     3
 Stab: Sleeping          |     6 |     9 ||    15
Armor: Skin              |     6 |     4 ||    10
Dodge: Dodged            |    41 |    45 ||    86
